 Dungeon Crawl Stone Soup version 0.31.0-12-g77e489cdc1 (webtiles) character file.

Game seed: 2447593665431763735

6 shadowstone the Conjurer (level 1, 0/13 HPs)
             Began as a Barachi Conjurer on Feb 23, 2024.
             Slain by a hobgoblin (1 damage)
             ... on level 1 of the Dungeon.
             The game lasted 00:01:27 (188 turns).

shadowstone the Conjurer (Barachi Conjurer)          Turns: 188, Time: 00:01:41

Health: 0/13       AC:  2    Str:  8    XL:     1   Next: 90%
Magic:  2/3        EV: 12    Int: 18    God:
Gold:   12         SH:  0    Dex: 10    Spells: 3/4 levels left

rFire   . . .        (no weapon)
rCold   . . .        (no shield)
rNeg    . . .        a - +0 robe
rPois   .            (no helmet)
rElec   .            (no cloak)
rCorr   .            (no gloves)
SInv    .            (no boots)
Will    .....        (no amulet)
Stlth   ++           (no ring)
HPRegen 0.22/turn    (no ring)
MPRegen 0.08/turn

%: no passive effects
@: unable to hop, slow
A: amphibious, slowness 1, strong legs 1, +LOS
a: Hop


You were on level 1 of the Dungeon.
You visited 1 branch of the dungeon, and saw 1 of its levels.

You collected 12 gold pieces.

Inventory:

Armour
 a - a +0 robe (worn)
Scrolls
 c - a scroll of identify {unknown}
 d - a scroll of acquirement {unknown}
Potions
 b - a potion of magic
 e - a potion of cancellation {unknown}


   Skills:
 + Level 2.4 Dodging
 + Level 1.9 Stealth
 + Level 2.1 Spellcasting
 + Level 4.5 Conjurations


You had 3 spell levels left.
You knew the following spells:

 Your Spells              Type           Power      Damage    Failure   Level
a - Magic Dart            Conj           72%        1d6       2%          1

Your spell library contained the following spells:

 Spells                   Type           Power      Damage    Failure   Level
 Searing Ray              Conj           36%        2d5       4%          2
 Fulminant Prism          Conj/Alch      5%         3d7       56%         4
 Iskenderun's Mystic Bla  Conj/Tloc      10%        2d4       56%         4


Dungeon Overview and Level Annotations

Branches:
Dungeon (1/15)

Altars:

Shops:
D:1 *=


Innate Abilities, Weirdness & Mutations

You are amphibious.
You cover ground slowly.
You can hop short distances.
You have an extended range of vision and can be seen from far away.


Message History

You hit the rat.
The rat is moderately wounded.
The rat misses you.
You hit the rat but do no damage.
The rat is moderately wounded.
The rat barely misses you. The rat bites you.
You closely miss the rat.
The rat is moderately wounded.
The rat misses you. The rat barely misses you.
You closely miss the rat. You punch the rat.
You kill the rat!
The rat misses you.
You hit the hobgoblin but do no damage. Your punch misses the hobgoblin.
The rat bites you. The hobgoblin barely misses you.
You barely miss the hobgoblin. The rat bites you.
The hobgoblin closely misses you.
You closely miss the hobgoblin. The rat barely misses you.
The hobgoblin closely misses you.
Casting: Magic Dart (safe; 2% risk of failure)
Confirm with . or Enter, or press ? or * to list all spells.
Aiming: Magic Dart (safe; 2% risk of failure)
Press: ? - help, Shift-Dir - straight line, f - hobgoblin
Aim: a hobgoblin (100% to hit)
The magic dart hits the hobgoblin.
The hobgoblin is moderately wounded.
The rat bites you but does no damage. The hobgoblin hits you.
* * * LOW HITPOINT WARNING * * *
Okay, then.
The rat attacks as it pursues you! The rat barely misses you.
You hit the hobgoblin but do no damage.
The hobgoblin is moderately wounded.
The rat misses you.
The hobgoblin hits you but does no damage.
You hit the hobgoblin but do no damage.
The hobgoblin is moderately wounded.
The rat twitches its whiskers.
The rat bites you.
* * * LOW HITPOINT WARNING * * *
The hobgoblin hits you.
You die...

######## ##......##
##........# ###########
#.......... #.........#
#.......... #.........#
#.......... #.........#
#..........
#.......@g#####..........
#........r...............
#..........#####........#
##########.# #..........
#.......?.......
....)...........
####............
###.......... #..........


You could see a hobgoblin and a rat.

Vanquished Creatures
  3 bats (D:1)
  A hobgoblin (D:1)
  A rat (D:1)
5 creatures vanquished.

Notes
Turn   | Place    | Note
-------+----------+-------------------------------------------
     0 | D:1      | shadowstone the Barachi Conjurer began the quest for the
                  | Orb.
     0 | D:1      | Reached XP level 1. HP: 13/13 MP: 3/3
    11 | D:1      | Found Meleomp's General Store.
   108 | D:1      | Found Moski's Jewellery Boutique.
   188 | D:1      | Slain by a hobgoblin

Illustrated notes

Levels and vault maps discovered:
D:1:      dpeg_arrival_simpleton_c, layout_rooms, serial_shops, shop, shop,
          nicolae_shop_tiny_real_fake_doors, shop_fountains, minmay_pentomino_t4

Action                     || total
---------------------------++-------
  Melee: Unarmed           ||    21
         Punch             ||     1
   Cast: Magic Dart        ||     7
Ability: Hop               ||     1
 Armour: Robe              ||    61
  Dodge: Dodged            ||    61
